 Dungeon Crawl Stone Soup version 0.29-a0-457-g93c1fc3 (webtiles) character file.

Game seed: 11745395004356041826

3311 Toastz the Artisan of Death (level 9, -2/68 HPs)
             Began as a Demonspawn Necromancer on May 20, 2022.
             Was a Priest of Kikubaaqudgha.
             Killed by an exploding flying skull (6 damage)
             ... ignited by their inner flame
             ... on level 2 of the Abyss.
             The game lasted 00:25:36 (9580 turns).

Toastz the Artisan of Death (DsNe)                  Turns: 9580, Time: 00:25:37

Health: -2/68      AC: 17    Str: 14    XL:     9   Next: 70%
Magic:  0/16       EV: 12    Int: 21    God:    Kikubaaqudgha [***...]
Gold:   486        SH:  0    Dex: 19    Spells: 5/18 levels left

rFire   + . .      SeeInvis .   E - +4 dire flail (drain)
rCold   + + .      Faith    +   (shield currently unavailable)
rNeg    . . .      Spirit   +   y - +4 ring mail {rC+}
rPois   +          Reflect  .   a - +0 helmet
rElec   +          Harm     .   r - +0 cloak
rCorr   +          Rampage  .   (no gloves)
Will    .....                   D - +0 pair of boots
Stlth   ++........              C - amulet "Doraeghulyll" {Faith Dex+5}
HPRegen 0.21/turn               o - ring of resist corrosion
MPRegen 0.30/turn               O - +6 ring of strength

@: mighty, resistant, hasted, very quick
A: claws 1, thin metallic scales 2, foul stench 1, magic shield, magic
regeneration
a: Renounce Religion, Unearth Wretches


You were on level 2 of the Abyss.
You worshipped Kikubaaqudgha.
Kikubaaqudgha was most pleased with you.
You visited 2 branches of the dungeon, and saw 8 of its levels.
You visited the Abyss 1 time.

You collected 486 gold pieces.

Inventory:

Hand Weapons
 E - a +4 dire flail of draining (weapon)
 G - a +3 dagger of flaming
 N - a +1 dagger of venom
Missiles
 c - 223 stones
 d - a throwing net
 l - 15 poisoned darts
 z - 5 boomerangs
 H - a silver boomerang
 M - 3 javelins
Armour
 a - a +0 helmet (worn)
 i - a +1 kite shield of protection
 r - a +0 cloak (worn)
 y - a +4 ring mail of cold resistance (worn)
 D - a +0 pair of boots (worn)
Jewellery
 j - a +6 ring of dexterity
 o - a ring of resist corrosion (left claw)
 C - the amulet "Doraeghulyll" (around neck) {Faith Dex+5}
   (You found it on level 4 of the Dungeon)

   [amulet of faith]

   It allows you to gain divine favour quickly.
   Dex:       It affects your dexterity (+5).
 O - a +6 ring of strength (right claw)
 Q - a +6 ring of strength
Wands
 s - a wand of paralysis (22)
 K - a wand of acid (6)
Scrolls
 n - 4 scrolls of enchant weapon
 v - 3 scrolls of fog
 w - a scroll of silence {unknown}
 F - a scroll of vulnerability {unknown}
 I - a scroll of noise {unknown}
 J - a scroll of enchant armour {unknown}
Potions
 e - 3 potions of attraction
 f - 3 potions of flight
 h - a potion of magic
 k - a potion of ambrosia {unknown}
 p - a potion of brilliance
 q - a potion of lignification {unknown}
 u - a potion of invisibility {unknown}
 L - a potion of heal wounds {unknown}
 P - a potion of berserk rage {unknown}


   Skills:
 + Level 5.5 Fighting
 - Level 6.0 Armour
 + Level 3.7 Dodging
 - Level 2.1 Stealth
 - Level 5.0 Spellcasting
 + Level 10.3 Necromancy


You had 5 spell levels left.
You knew the following spells:

 Your Spells              Type           Power      Damage    Failure   Level
a - Necrotize             Necr           100%       1d9       1%          1
b - Vampiric Draining     Necr           48%        2d9       1%          3
c - Animate Dead          Necr           48%        N/A       3%          4
d - Agony                 Necr           48%        N/A       9%          5

Your spell library contained the following spells:

 Spells                   Type           Power      Damage    Failure   Level
 Dispel Undead            Necr           48%        3d18      3%          4
 Anguish                  Hex/Necr       13%        N/A       24%         4
 Blink                    Tloc           10%        N/A       30%         2
 Corpse Rot               Necr/Pois/Air  19%        N/A       43%         4
 Iskenderun's Battlesphe  Conj           5%         2d6       99%         5
 Manifold Assault         Tloc           5%         N/A       99%         5
 Death Channel            Necr           24%        N/A       41%         6
 Simulacrum               Ice/Necr       13%        N/A       98%         6
 Iron Shot                Conj/Erth      2%         9d2       100%        6
 Spellforged Servitor     Conj/Summ      2%         N/A       100%        7
 Storm Form               Tmut/Air       2%         N/A       100%        7


Dungeon Overview and Level Annotations

Branches:
Dungeon (7/15)             Temple (1/1) D:4

Altars:
Cheibriados
Elyvilon
Kikubaaqudgha
Nemelex Xobeh
Okawaru
Trog

Shops:
D:6 [   D:7 *[::

Annotations:
D:7 1 exclusion


Innate Abilities, Weirdness & Mutations

You have sharp fingernails.
You are mostly covered in thin metallic scales. (AC +3)
You may rarely emit foul miasma when damaged in melee.
When hurt, damage is shared between your health and your magic reserves.
You regenerate magic rapidly.


Message History

You can't see any susceptible monsters within range! (Use Z to cast anyway.) Unknown command.
You closely miss the flying skull.
The flying skull hits you but does no damage.
The flying skull misses you.
You closely miss the flying skull. The flying skull hits you.
* * * LOW HITPOINT WARNING * * *
The flying skull hits you!
* * * LOW HITPOINT WARNING * * *
You closely miss the flying skull.
The flying skull hits you but does no damage.
You closely miss the flying skull. The flying skull hits you.
* * * LOW HITPOINT WARNING * * *
The flying skull closely misses you.
It was a potion of resistance.
You feel protected.
The flying skull hits you but does no damage. x2
It was a potion of might.
You feel very mighty all of a sudden. The flying skull hits you!
* * * LOW HITPOINT WARNING * * *
It was a potion of haste.
You feel yourself speed up.
The flying skull hits you but does no damage. x2
You miss the flying skull.
The flying skull hits you but does no damage.
You sock the flying skull!
Flame seeps out of the flying skull.
The flying skull is almost destroyed.
The flying skull is engulfed in blazing flames.
Flame seeps out of the flying skull.
The flying skull barely misses you.
You hit the flying skull but do no damage.
The flying skull is almost destroyed.
The flying skull is engulfed in blazing flames.
That felt strangely unrewarding.
The flying skull explodes!
The fiery explosion engulfs the white imp!!
The white imp is burned terribly!
That felt strangely unrewarding.
The fiery explosion engulfs the fire bat.
The fire bat completely resists.
The fiery explosion engulfs you! You resist.
You die...
Kikubaaqudgha rasps: "You have failed me!
Welcome... death!"

### #. . ##.#
#.# # . #
.#..#..#.#
..## . . .# .#
.#.## b.# #.
..
.#..#..#....#.
## .
...#.#.......
#.# # . ..#
........b##..#
# # #
.....§bb. . .#
##....###○###
#..
....#..#...#@#
. .###.###.###
### # # .. ##
# .## . #....
.### . ... . #
# # . ... #.
..# .## # #. #
# .# .#


You could see 3 fire bats.

Vanquished Creatures
  Prince Ribbit (D:5)
  A flying skull (Abyss:2)
  Eustachio (D:4)
  Edmund (D:4)
  2 water moccasins
  3 ice beasts
  A black bear (D:6)
  2 centaurs
  2 phantoms
  A gnoll sergeant (D:6)
  A bullfrog (D:6)
  2 necrophages (D:5)
  5 scorpions
  4 wights
  3 killer bees (D:6)
  An orc priest (D:7)
  5 gnoll shamans
  3 hounds
  3 jellies (D:4)
  Crazy Yiuf (D:2)
  Natasha (thrice) (D:2)
  An iguana (D:5)
  2 orc wizards (D:7)
  24 gnolls
  6 adders
  A white imp (Abyss:2)
  2 ufetubi
  A worm (D:4)
  3 dart slugs
  14 orcs
  9 ball pythons
  13 endoplasms
  2 giant cockroaches (D:3)
  5 goblins
  5 hobgoblins
  3 jackals (D:2)
  2 quokkas (D:1)
  8 bats
  4 frilled lizards
  18 kobolds
  8 rats
177 creatures vanquished.

Vanquished Creatures (collateral kills)
  An ice beast (D:6)
  A killer bee (D:6)
  3 gnolls
  An orc (D:7)
  An endoplasm (D:3)
  A ball python (D:2)
8 creatures vanquished.

Vanquished Creatures (others)
  A killer bee zombie (D:6)
  7 gnoll zombies
  2 fungi (D:4)
  7 plants (D:4)
  8 toadstools (D:4)
25 creatures vanquished.

Grand Total: 210 creatures vanquished

Notes
Turn   | Place    | Note
-------+----------+-------------------------------------------
     0 | D:1      | Toastz the Demonspawn Necromancer began the quest for the
                  | Orb.
     0 | D:1      | Reached XP level 1. HP: 13/13 MP: 3/3
    50 | D:1      | Gained mutation: You are partially covered in thin metallic
                  | scales. (AC +2) [demonic ancestry]
    50 | D:1      | Reached XP level 2. HP: 19/19 MP: 0/5
   798 | D:1      | Gained mutation: You regenerate magic rapidly. [demonic
                  | ancestry]
   798 | D:1      | Reached XP level 3. HP: 25/25 MP: 4/6
  1146 | D:1      | Reached skill level 1 in Fighting
  1193 | D:1      | Learned a level 3 spell: Vampiric Draining
  1194 | D:1      | Found a faded altar of an unknown god.
  1321 | D:2      | Noticed Natasha
  1340 | D:2      | Killed Natasha
  1341 | D:2      | Reached skill level 5 in Necromancy
  1341 | D:2      | Gained mutation: When hurt, damage is shared between your
                  | health and your magic reserves. [demonic ancestry]
  1341 | D:2      | Reached XP level 4. HP: 12/33 MP: 3/7
  1785 | D:2      | Noticed Natasha
  1790 | D:2      | Killed Natasha
  2008 | D:2      | Found a runed translucent door.
  2009 | D:2      | Noticed Crazy Yiuf
  2076 | D:2      | Noticed Natasha
  2082 | D:2      | Killed Natasha
  2083 | D:2      | Gained mutation: You may rarely emit foul miasma when
                  | damaged in melee. [demonic ancestry]
  2083 | D:2      | Reached XP level 5. HP: 30/39 MP: 1/9
  2375 | D:2      | Killed Crazy Yiuf
  3482 | D:3      | Found a sparkling altar of Nemelex Xobeh.
  3519 | D:4      | Noticed a centaur
  3530 | D:4      | Killed a centaur
  3531 | D:4      | Reached skill level 6 in Necromancy
  3531 | D:4      | Gained mutation: You are mostly covered in thin metallic
                  | scales. (AC +3) [demonic ancestry]
  3531 | D:4      | Reached XP level 6. HP: 26/47 MP: 1/10
  3775 | D:4      | Noticed Edmund
  3883 | D:4      | Noticed a water moccasin
  3894 | D:4      | Killed a water moccasin
  3895 | D:4      | Reached skill level 1 in Armour
  4185 | D:4      | Found a staircase to the Ecumenical Temple.
  4196 | Temple   | Entered the Ecumenical Temple
  4347 | Temple   | Became a worshipper of Kikubaaqudgha
  4430 | D:4      | Noticed Eustachio
  4514 | D:4      | Killed Eustachio
  4515 | D:4      | Reached XP level 7. HP: 54/54 MP: 4/11
  4653 | D:4      | Identified the amulet "Doraeghulyll" {Faith Dex+5}
  4961 | D:4      | Reached skill level 7 in Necromancy
  5420 | D:4      | Reached * piety under Kikubaaqudgha
  5420 | D:4      | Received a gift from Kikubaaqudgha
  5538 | D:4      | Learned a level 4 spell: Animate Dead
  5773 | D:4      | Killed Edmund
  5864 | D:5      | Entered Level 5 of the Dungeon
  5931 | D:5      | Reached XP level 8. HP: 59/61 MP: 12/12
  6257 | D:5      | Reached skill level 5 in Fighting
  6297 | D:5      | Reached skill level 8 in Necromancy
  6359 | D:5      | Noticed Prince Ribbit
  6367 | D:5      | Killed Prince Ribbit
  6368 | D:5      | Reached skill level 5 in Armour
  6648 | D:6      | Reached skill level 9 in Necromancy
  6980 | D:6      | Reached ** piety under Kikubaaqudgha
  7015 | D:6      | Gained mutation: You have sharp fingernails. [demonic
                  | ancestry]
  7015 | D:6      | Reached XP level 9. HP: 55/68 MP: 4/14
  7304 | D:6      | Found Wiefyb's Antique Armour Shop.
  7445 | D:6      | Reached skill level 10 in Necromancy
  7779 | D:7      | Noticed a boulder beetle
  8152 | D:6      | Reached skill level 5 in Spellcasting
  8633 | D:7      | Noticed a wizard
  8719 | D:7      | Found Soproil's Book Boutique.
  8728 | D:7      | Learned a level 5 spell: Agony
  8863 | D:7      | Found Tatiodu's Book Boutique.
  8865 | D:7      | Found Tisch's Assorted Antiques.
  9110 | D:7      | Reached *** piety under Kikubaaqudgha
  9110 | D:7      | Received a gift from Kikubaaqudgha
  9237 | D:7      | Found Afaefidd's Armour Boutique.
  9402 | D:7      | Cast into level 2 of the Abyss (a wizard)
  9402 | Abyss:2  | Found a corrupted altar of Lugonu.
  9404 | Abyss:2  | Noticed a starcursed mass
  9472 | Abyss:2  | Noticed a tentacled starspawn
  9496 | Abyss:2  | Noticed a wretched star
  9497 | Abyss:2  | Noticed a bone dragon
  9580 | Abyss:2  | Killed by an exploding flying skull... ignited by their
                  | inner flame

Illustrated notes

Levels and vault maps discovered:
D:1:      minmay_arrival_wavy_path, layout_loops_ring,
          hellmonk_ecumenical_altar_inner_sanctum, serial_bayou_ford_a
D:2:      layout_basic, kennysheep_generic_room_4, uniq_natasha,
          uniq_crazy_yiuf_cottage
D:3:      layout_basic, nemelex_diamond_rough_becter, kennysheep_minor_cross
D:4:      cheibrodos_fertilizer, layout_basic,
          minmay_temple_entry_gardened_gates, minmay_misc_feat_columns,
          minivault_5, moated_statue, uniq_eustachio, uniq_edmund
D:5:      layout_basic, chequers_serial_rivers_room_b, uniq_prince_ribbit1
D:6:      layout_rooms, serial_shops, shop
D:7:      cheibrodos_wizards_tower, layout_loops_cross, serial_shops, shop,
          shop_statue, shop_coins, nicolae_shop_bloodbath_and_beyond,
          nicolae_shop_behind_doors, uniq_pikel, uniq_menkaure
Temple:   mainiacjoe_temple_trianglar_array
Abyss:2:  base: D:6, evilmike_abyss_exit_13, evilmike_abyss_exit_glass

Skill      XL: |  1  2  3  4  5  6  7  8  9 |
---------------+----------------------------+-----
Dodging        | 2 3 |  3.7
Stealth        | 2 |  2.1
Fighting       | 1 2 3 4 5 |  5.5
Necromancy     | 5 6 7 9 10 | 10.3
Spellcasting   | 3 5 |  5.0
Armour         | 1 4 5 6 |  6.0

Action                   |  1- 3 |  4- 6 |  7- 9 || total
-------------------------+-------+-------+-------++-------
Melee: Whip              |     8 |       |       ||     8
       Short sword       |    10 |    37 |    50 ||    97
       Dire flail        |       |       |   153 ||   153
       Punch             |       |       |     1 ||     1
 Cast: Necrotize         |    51 |    83 |   144 ||   278
       Vampiric Draining |       |     2 |    22 ||    24
       Animate Dead      |       |       |     3 ||     3
       Agony             |       |       |     2 ||     2
Evoke: Wand              |       |     2 |       ||     2
  Use: Scroll            |       |       |    11 ||    11
       Potion            |       |       |     6 ||     6
 Stab: Distracted        |       |       |     1 ||     1
       Sleeping          |       |       |     1 ||     1
Armor: Robe              |     9 |     4 |       ||    13
       Ring mail         |       |    15 |   219 ||   234
Dodge: Dodged            |    20 |    55 |   283 ||   358

Table legend: (Time is in decaauts)
 A = Elapsed time spent in this place.
 B = Non-inter-level travel time spent in this place.
 C = Inter-level travel time spent in this place.
 D = Time resting spent in this place.
 E = Time spent auto-exploring this place.
 F = Levels seen in this place.
 G = Mean time per level.
                   A        B        C        D        E       F      G
               +--------+--------+--------+--------+--------+-----+--------+
         Total |   9629 |   9312 |    317 |   2713 |   4934 |   9 | 1069.9 |
       Dungeon |   9201 |   8937 |    264 |   2673 |   4796 |   7 | 1314.4 |
        Temple |    248 |    195 |     53 |     40 |    138 |   1 |  248.0 |
         Abyss |    179 |    179 |      0 |      0 |      0 |   1 |  179.0 |
               +--------+--------+--------+--------+--------+-----+--------+

Top non-repeatable levels by time:
     D:4: 2089 daAuts
     D:6: 1660 daAuts
     D:1: 1290 daAuts
     D:2: 1259 daAuts
     D:5: 1204 daAuts
     D:3: 984 daAuts
     D:7: 712 daAuts
  Temple: 248 daAuts
 Abyss:2: 179 daAuts
